 Dungeon Crawl Stone Soup version 0.31-a0-848-gaac375c287 (webtiles) character file.

Game seed: 6646903152059546184

384 Kurtz the Sneak (level 6, 6/42 HPs)
             Began as a Felid Delver on Oct 4, 2023.
             Was an Initiate of Gozag.
             Quit the game on level 3 of the Dungeon.
             The game lasted 00:09:49 (4194 turns).

Kurtz the Sneak (Felid Delver)                      Turns: 4194, Time: 00:09:50

Health: 6/42       AC: 23    Str:  8 (10) XL:     6   Next: 47%
Magic:  7/7        EV:  4    Int:  9 (11) God:    Gozag
Gold:   224        SH:  0    Dex: 15 (18) Spells: 5/5 levels left
                                        Lives:  0   Deaths: 2

rFire   . .          .
                       - Unarmed
rCold   . . .        (shield unavailable)
rNeg    . . .        (body armour unavailable)
rPois   +            (helmet unavailable)
rElec   .            (cloak unavailable)
rCorr   .            (gloves unavailable)
SInv    +            (boots unavailable)
Will    .....        i - amulet of the acrobat
Stlth   +            (no ring)
HPRegen 0.27/turn    (no ring)
MPRegen 0.10/turn

%: acrobat
@: confused, lethally poisoned (6 -> -2), tree-form (expiring), acrobatic
A: stationary, stasis, torment immunity, boosted hp, very small, (claws 1),
(fangs 3), see invisible, (speed 1), (shaggy fur 2), (stealthy paws), no weapons
or thrown items, no armour, multi-lived
a: Renounce Religion, Potion Petition, Call Merchant, Bribe Branch


You were on level 3 of the Dungeon.
You worshipped Gozag.
Gozag was aware of your devotion.
You were a tree.
You visited 1 branch of the dungeon, and saw 5 of its levels.

You collected 328 gold pieces.
You paid 104 gold pieces to Gozag.

Inventory:

Jewellery
 i - an amulet of the acrobat (around neck)
 l - an amulet of magic regeneration
Talismans
 d - a blade talisman
 k - a beast talisman
Wands
 e - a wand of digging (3)
Scrolls
 a - a scroll of fog
 b - a scroll of revelation
 c - a scroll of fear
 f - a scroll of enchant armour {unknown}
 g - 2 scrolls of identify {unknown}
 h - a scroll of immolation {unknown}
 j - 2 scrolls of poison {unknown}
 n - 3 scrolls of blinking {unknown}
 o - a scroll of noise {unknown}


   Skills:
 - Level 3.4 Fighting
 - Level 3.8 Dodging
 - Level 6.6 Stealth
 * Level 5.0 Unarmed Combat
 * Level 3.6 Shapeshifting


You had 5 spell levels left.
You didn't know any spells.
Your spell library was empty.

Dungeon Overview and Level Annotations

Branches:
Dungeon (5/15)
 Temple: D:4-7

Altars:
Gozag
Qazlal

Shops:
D:2 =   D:4 !

Annotations:
D:3 Grinder, Sigmund
D:4 1 runed translucent door, exclusions: gnoll and 2 more exclusions


Innate Abilities, Weirdness & Mutations

You are a tree.
Your roots penetrate the ground, keeping you stationary.
You cannot be teleported.
You are immune to unholy pain and torment.
Your maximum health is greatly increased.
((You have sharp claws.))
((You have razor-sharp teeth.))
You have supernaturally acute eyesight. (SInv)
((You cover ground quickly. (Speed+)))
((You are covered in thick fur. (AC +2)))
((Your paws help you pounce on unaware monsters.))
You are incapable of wielding weapons or throwing items.
You cannot wear armour.
You gain extra lives every three experience levels.


Message History

You feel weakened.
You feel dopey.
You feel clumsy. Sigmund barely misses you.
You aren't carrying any potions.
Unknown command.
Okay, then.
As you read the scroll of fear, it crumbles to dust.
You assume a fearsome visage.
Sigmund looks frightened!
Sigmund mumbles some strange words.
Sigmund flickers and vanishes for a moment.
Sigmund is nearby!
Sigmund casts a spell at you.
You easily resist.
Sigmund hits you but does no damage.
You are poisoned.
Your transformation is almost over.
You feel sick. Sigmund gestures at you while chanting.
You easily resist.
You feel sick.
Sigmund hits you from afar with a +1 scythe of venom.
You are more poisoned.
You feel very sick.
You feel sick. Sigmund casts a spell at you.
You are confused.
You feel sick.
Sigmund hits you from afar with a +1 scythe of venom!
You feel sick. Sigmund hits you but does no damage.
You are lethally poisoned!
* * * LOW HITPOINT WARNING * * *
You feel very sick.
An orc comes into view. It is wielding a +0 dagger.
* * * LOW HITPOINT WARNING * * *
You feel very sick. Sigmund hits you but does no damage.
Are you sure you want to abandon this character and quit the game? (Confirm with "yes".)
Okay, then.
Unknown command.
Unknown command.
Are you sure you want to abandon this character and quit the game? (Confirm with "yes".)

#.### #<.........#.. ..
##.#....[...####
###.<...##.....>.#
#.......#.....#### ###
#....#.#.......## ....
..................# ...#
#####...###@J..#..5. ..#
###...#.###.#####...#
..###....###...#♣# ##...
......### ###...# ####
#....### ###..## ..#....###
##.....#
.....#...###..###.#########
.###.......................
.# ##........######.#######
.####.......## #.#######
...[#.......#######..##...##


You could see Sigmund (invisible) and an endoplasm (wandering).

Vanquished Creatures
  Blork the orc (D:4)
  A gnoll bouda (D:4)
  2 jellies
  Jessica (D:2)
  Robin (D:2)
  4 gnolls (D:4)
  6 adders
  An ufetubus (D:5)
  A worm (D:3)
  3 dart slugs
  2 orcs
  5 ball pythons
  4 endoplasms
  7 giant cockroaches
  13 goblins
  10 hobgoblins
  5 quokkas
  6 bats
  4 frilled lizards
  7 kobolds
  7 rats
91 creatures vanquished.

Notes
Turn   | Place    | Note
-------+----------+-------------------------------------------
     0 | D:5      | Kurtz the Felid Delver began the quest for the Orb.
     0 | D:5      | Reached XP level 1. HP: 10/10 MP: 2/2
    14 | D:5      | Found an opulent altar of Gozag.
   107 | D:5      | Reached XP level 2. HP: 14/14 MP: 3/3
   127 | D:5      | Reached XP level 3. HP: 17/17 MP: 4/4
   139 | D:4      | Found a runed translucent gate.
   196 | D:3      | Reached skill level 1 in Shapeshifting
   231 | D:3      | Noticed Grinder
   256 | D:3      | Reached XP level 4. HP: 6/21 MP: 5/5
   643 | D:4      | Slain by a gnoll bouda
   668 | D:3      | Paralysed by Grinder for 2 turns
   677 | D:3      | Paralysed by Grinder for 4 turns
   743 | D:2      | Noticed Jessica
   753 | D:2      | Killed Jessica
   818 | D:2      | Found Ythyag's Jewellery Emporium.
  1085 | D:1      | Slain by a hobgoblin
  1275 | D:1      | Reached XP level 5. HP: 18/24 MP: 6/6
  2347 | D:2      | Noticed Robin
  2417 | D:2      | Killed Robin
  2479 | D:3      | Noticed Sigmund
  2557 | D:5      | Became a worshipper of Gozag Ym Sagoz the Greedy
  3411 | D:3      | Found a stormy altar of Qazlal.
  3511 | D:4      | Noticed a lemure
  3512 | D:4      | Noticed a lemure
  3790 | D:4      | Gained mutation: You are covered in thick fur. (AC +2)
                  | [Felid growth]
  3790 | D:4      | Reached XP level 6. HP: 28/28 MP: 7/7
  3922 | D:4      | Found Wacvupi's Distillery.
  3973 | D:4      | Noticed Blork the orc
  3982 | D:4      | Killed Blork the orc
  4052 | D:3      | Reached skill level 5 in Unarmed Combat
  4194 | D:3      | Quit the game

Illustrated notes

Levels and vault maps discovered:
D:1:      psy_arrival_heroes, layout_basic, st_stairs_6,
          chequers_serial_rivers_micro_b
D:2:      layout_basic, serial_shops, shop, uniq_robin, uniq_jessica
D:3:      layout_rooms, nicolae_overflow_guarded_unrand_okawaru_victory,
          grunt_qazlal_sundering, uniq_grinder, uniq_sigmund
D:4:      layout_basic, minmay_temple_entry_antechambers, ebering_ghost_gozag,
          serial_shops, nicolae_shop_window_shopping, uniq_pikel,
          uniq_blork_the_orc, uniq_edmund
D:5:      layout_gridville, cheibriados_altar_1, nicolae_gozag_seed_capital,
          nicolae_hepliaklqana_hippocampus, ebering_ghost_rock_garden,
          uniq_menkaure

Skill      XL: |  1  2  3  4  5  6 |
---------------+-------------------+-----
Dodging        | 3 |  3.8
Shapeshifting  | 1 3 |  3.6
Unarmed Combat | 4 5 |  5.0
Fighting       | |  3.4
Stealth        | |  6.6

Action                     |  1- 3 |  4- 6 || total
---------------------------+-------+-------++-------
  Melee: Unarmed           |    24 |   172 ||   196
         Bite              |     1 |    18 ||    19
  Evoke: Wand              |       |     5 ||     5
    Use: Potion            |     1 |     2 ||     3
         Scroll            |       |     1 ||     1
   Stab: Sleeping          |     7 |    17 ||    24
 Armour: Skin              |     7 |    38 ||    45
  Dodge: Dodged            |    23 |   100 ||   123
         Form:             |       |     2 ||     2
         Blade             |       |     2 ||     2
         Beast             |       |     1 ||     1

Table legend: (Time is in decaauts)
 A = Elapsed time spent in this place.
 B = Non-inter-level travel time spent in this place.
 C = Inter-level travel time spent in this place.
 D = Time resting spent in this place.
 E = Time spent auto-exploring this place.
 F = Levels seen in this place.
 G = Mean time per level.
                   A        B        C        D        E       F      G
               +--------+--------+--------+--------+--------+-----+--------+
         Total |   3583 |   3163 |    420 |    771 |   1188 |   5 |  716.6 |
       Dungeon |   3583 |   3163 |    420 |    771 |   1188 |   5 |  716.6 |
               +--------+--------+--------+--------+--------+-----+--------+

Top non-repeatable levels by time:
     D:2: 1231 daAuts
     D:4: 885 daAuts
     D:1: 876 daAuts
     D:3: 433 daAuts
     D:5: 155 daAuts
